 Dungeon Crawl Stone Soup version 0.29.0-4-gdea44cf6ec (webtiles) character file.

Game seed: 15787326128570540005

315 qw the Chopper (level 6, 0/38 HPs)
             Began as a Tengu Warper on Aug 28, 2022.
             Slain by an orc wizard
             ... wielding a +4 dagger
              (5 damage)
             ... on level 4 of the Dungeon.
             The game lasted 00:00:24 (3682 turns).

qw the Chopper (Tengu Warper)                       Turns: 3682, Time: 00:00:25

Health: 0/38       AC: 10    Str: 20    XL:     6   Next: 44%
Magic:  10/10      EV:  7    Int: 13    God:
Gold:   183        SH:  0    Dex: 13    Spells: 9/9 levels left

rFire   + . .      SeeInvis .   Y - +1 hand axe
rCold   + . .      Faith    .   (no shield)
rNeg    + . .      Spirit   .   l - +0 plate armour
rPois   .          Reflect  .   (helmet restricted)
rElec   .          Harm     .   (no cloak)
rCorr   .          Rampage  .   (no gloves)
Will    .....                   (boots unavailable)
Stlth   ..........              (no amulet)
HPRegen 0.12/turn               b - ring of positive energy
MPRegen 0.12/turn               g - +6 ring of strength

@: confused, flying quickly and evasively, quick
A: beak, talons 3, nimble flight, cold resistance 1, fire resistance 1, robust 1
a: no special abilities


You were on level 4 of the Dungeon.
You visited 1 branch of the dungeon, and saw 4 of its levels.

You collected 183 gold pieces.


Innate Abilities, Weirdness & Mutations

You have a beak for a mouth.
You have claws for feet.
Your magical nature lets you fly swiftly and evasively.
Your flesh is cold resistant. (rC+)
Your flesh is heat resistant. (rF+)
You are robust. (+10% HP)


   Skills:
 + Level 2.0 Fighting
 - Level 7.0 Axes
 - Level 1.0 Throwing
 - Level 2.0 Armour
 - Level 2.1 Dodging
 - Level 2.0 Spellcasting
 - Level 2.4 Translocations


You had 9 spell levels left.
You didn't know any spells.
Your spell library contained the following spells:

 Spells                   Type           Power      Damage    Failure   Level
 Blink                    Tloc           14%        N/A       99%         2
 Gell's Gravitas          Tloc           7%         N/A       100%        3
 Lesser Beckoning         Tloc           7%         N/A       100%        3
 Teleport Other           Tloc           7%         N/A       100%        3
 Manifold Assault         Tloc           7%         N/A       100%        5

Inventory:

Hand Weapons
 e - a +3 flail
 Y - a +1 hand axe (weapon)
Armour
 l - a +0 plate armour (worn)
Jewellery
 b - a ring of positive energy (left hand)
 g - a +6 ring of strength (right hand)
Scrolls
 a - a scroll of identify
 h - a scroll of poison {unknown}
Potions
 c - a potion of mutation
 d - a potion of curing {unknown}
 f - a potion of ambrosia {unknown}
 k - a potion of resistance {unknown}

Dungeon Overview and Level Annotations

Branches:
Dungeon (4/15)
 Temple: D:4-7

Altars:

Annotations:
D:4 1 runed translucent door, Crazy Yiuf


Message History

You claw the orc priest!
You kill the orc priest!
Your Axes skill increases to level 7!
Something hits you.
Things that are here:
a +0 flail; an orc corpse You slash the orc!
You kill the orc!
You closely miss something. Something hits you but does no damage.
You hit the orc. Your peck misses the orc.
The orc is heavily wounded.
You hit something. Something hits you but does no damage.
The orc hits you with a +0 dagger.
You slash the orc!
You kill the orc!
You miss something. Something hits you.
You miss something.
You hear some strange, mumbled words.
You are confused.
You're too confused to attack without stumbling around!
You start resting.
Something hits you but does no damage.
You're too confused to attack without stumbling around!
You start resting.
Something hits you but does no damage.
You're too confused to attack without stumbling around!
You start resting.
Something hits you but does no damage.
You're too confused to attack without stumbling around!
You start resting.
Something hits you!
You're too confused to attack without stumbling around!
There is a strange disturbance nearby!
Something hits you.
You're too confused to attack without stumbling around!
There is a strange disturbance nearby!
Something hits you.
You die...

#.###.###.##:%.#
#...+
.............#.#
#...#
.###.###.###.##.#
###
.............##.#
#####...#######.# ##
##....# #.####### ..
#.##..^###........
#.#.####............
#..@...####.........
#.){)#..............
#.......##....##....
#.#.................
#...........#....#..
#.............######
+.#....#####......%.
.....# #.#######
#....# #


There were no monsters in sight!

Vanquished Creatures
  A black bear (D:3)
  A necrophage (D:4)
  An orc priest (D:4)
  4 adders
  A worm (D:3)
  2 dart slugs (D:2)
  13 orcs
  7 ball pythons
  6 endoplasms
  7 giant cockroaches
  8 goblins
  7 hobgoblins
  2 jackals (D:2)
  A kobold (D:1)
  A quokka (D:3)
  6 bats
  2 frilled lizards
  8 rats
78 creatures vanquished.

Notes
Turn   | Place    | Note
-------+----------+-------------------------------------------
     0 | D:1      | qw the Tengu Warper began the quest for the Orb.
     0 | D:1      | Reached XP level 1. HP: 12/12 MP: 4/4
     0 | D:1      | 0 ||| qw: Version: 0.1-a-89-g26bdef1
     0 | D:1      | 0 ||| qw: Game counter: 2539
     0 | D:1      | 0 ||| qw: Always use a shield: true
     0 | D:1      | 0 ||| qw: God list: Okawaru
     0 | D:1      | 0 ||| qw: Allow faded altars: false
     0 | D:1      | 0 ||| qw: Do Orc after D:15 true
     0 | D:1      | 0 ||| qw: Do second Lair branch before Depths: true
     0 | D:1      | 0 ||| qw: Lair rune preference: random
     0 | D:1      | 0 ||| qw: Plans: Normal
     0 | D:1      | 0 ||| PLANNING D:1-11
    23 | D:1      | 23 ||| Stepping ~*~*~tactically~*~*~ (stealth).
   168 | D:1      | Reached XP level 2. HP: 12/17 MP: 6/6
   316 | D:1      | Reached skill level 3 in Axes
   436 | D:1      | 436 ||| Stepping ~*~*~tactically~*~*~ (stealth).
   475 | D:1      | Found a faded altar of an unknown god.
   915 | D:1      | 915 ||| UPGRADING to +0 chain mail.
   925 | D:1      | 925 ||| DROPPING +0 leather armour.
   926 | D:1      | 926 ||| UPGRADING to +0 plate armour.
   936 | D:1      | 936 ||| DROPPING +0 chain mail.
   937 | D:1      | 937 ||| READING 2 scrolls labelled VUCLAMEUNE.
   938 | D:1      | 938 ||| READING scroll labelled KYINAU LEBAOC.
   939 | D:1      | 939 ||| READING scroll labelled VUOCEDWAKA.
   940 | D:1      | 940 ||| DROPPING scroll of blinking.
   976 | D:2      | 976 ||| Stepping ~*~*~tactically~*~*~ (hiding).
   983 | D:2      | Reached XP level 3. HP: 21/21 MP: 7/7
  1214 | D:2      | Reached skill level 4 in Axes
  1225 | D:2      | 1225 ||| Stepping ~*~*~tactically~*~*~ (stealth).
  1226 | D:2      | 1226 ||| Stepping ~*~*~tactically~*~*~ (stealth).
  1473 | D:2      | 1473 ||| FLEEEEING.
  1481 | D:2      | Reached XP level 4. HP: 20/26 MP: 8/8
  1718 | D:2      | 1718 ||| UPGRADING to ring of positive energy.
  1719 | D:2      | 1719 ||| READING scroll labelled MICEDI UDWENETSYM.
  1720 | D:2      | 1720 ||| FLEEEEING.
  1721 | D:2      | 1721 ||| FLEEEEING.
  1722 | D:2      | 1722 ||| FLEEEEING.
  2001 | D:2      | 2001 ||| DRINKING 2 bubbling grey potions.
  2001 | D:2      | Gained mutation: You are robust. (+10% HP) [potion of
                  | mutation]
  2001 | D:2      | Gained mutation: Your flesh is heat resistant. (rF+)
                  | [potion of mutation]
  2001 | D:2      | Gained mutation: Your flesh is cold resistant. (rC+)
                  | [potion of mutation]
  2020 | D:2      | 2020 ||| READING 4 scrolls of identify.
  2020 | D:2      | 2020 ||| IDENTIFYING black potion
  2021 | D:2      | 2021 ||| READING 3 scrolls of identify.
  2021 | D:2      | 2021 ||| IDENTIFYING smoky red potion
  2022 | D:2      | 2022 ||| READING 2 scrolls of identify.
  2022 | D:2      | 2022 ||| IDENTIFYING bubbling inky potion
  2023 | D:2      | 2023 ||| DROPPING potion of flight.
  2024 | D:2      | 2024 ||| DROPPING potion of lignification.
  2061 | D:3      | 2061 ||| FLEEEEING.
  2062 | D:3      | 2062 ||| FLEEEEING.
  2063 | D:3      | 2063 ||| FLEEEEING.
  2064 | D:3      | 2064 ||| STAIRDANCE
  2204 | D:3      | 2204 ||| DROPPING +0 club.
  2227 | D:3      | HP: 5/28 [orc/+3 flail (6)]
  2228 | D:3      | 2228 ||| DRINKING potion of heal wounds.
  2305 | D:3      | 2305 ||| Stepping ~*~*~tactically~*~*~ (stealth).
  2306 | D:3      | 2306 ||| Stepping ~*~*~tactically~*~*~ (stealth).
  2408 | D:3      | 2408 ||| DROPPING +0 mace.
  2485 | D:3      | 2485 ||| FLEEEEING.
  2486 | D:3      | 2486 ||| FLEEEEING.
  2487 | D:3      | 2487 ||| FLEEEEING.
  2488 | D:3      | 2488 ||| FLEEEEING.
  2493 | D:3      | 2493 ||| FLEEEEING.
  2494 | D:3      | 2494 ||| FLEEEEING.
  2495 | D:3      | 2495 ||| FLEEEEING.
  2496 | D:3      | 2496 ||| FLEEEEING.
  2497 | D:3      | 2497 ||| FLEEEEING.
  2498 | D:3      | 2498 ||| FLEEEEING.
  2499 | D:3      | 2499 ||| FLEEEEING.
  2500 | D:3      | 2500 ||| FLEEEEING.
  2501 | D:3      | 2501 ||| FLEEEEING.
  2502 | D:3      | 2502 ||| FLEEEEING.
  2503 | D:3      | 2503 ||| FLEEEEING.
  2504 | D:3      | 2504 ||| FLEEEEING.
  2508 | D:3      | 2508 ||| STAIRDANCE
  2702 | D:3      | Reached skill level 5 in Axes
  2754 | D:3      | 2754 ||| Stepping ~*~*~tactically~*~*~ (stealth).
  2926 | D:3      | Noticed a black bear
  2927 | D:3      | 2927 ||| Stepping ~*~*~tactically~*~*~ (stealth).
  2929 | D:3      | 2929 ||| Stepping ~*~*~tactically~*~*~ (stealth).
  2930 | D:3      | 2930 ||| Stepping ~*~*~tactically~*~*~ (stealth).
  2935 | D:3      | Killed a black bear
  2936 | D:3      | Reached skill level 6 in Axes
  2936 | D:3      | Gained mutation: Your magical nature lets you fly swiftly
                  | and evasively. [Tengu growth]
  2936 | D:3      | Reached XP level 5. HP: 29/33 MP: 9/9
  3431 | D:3      | 3431 ||| UPGRADING to +6 ring of strength.
  3432 | D:3      | 3432 ||| READING scroll labelled ACIKLA FOIQEGE.
  3516 | D:4      | Found a runed translucent door.
  3517 | D:4      | Noticed Crazy Yiuf
  3562 | D:4      | Reached XP level 6. HP: 32/38 MP: 10/10
  3672 | D:4      | Reached skill level 7 in Axes
  3680 | D:4      | HP: 8/38 [something (7)]
  3682 | D:4      | Slain by an orc wizard

Levels and vault maps discovered:
D:1:      onia_arrival_pyramid, layout_loops_ring,
          chequers_ecumenical_altar_simple_redux
D:2:      layout_basic, kennysheep_generic_room_7
D:3:      layout_basic, amethyst_killhole
D:4:      layout_rooms, nemelex_xobeh_ov_fountains_minmay, grunt_gozag_statues,
          minivault_5, kennysheep_doodads, grunt_ministairs_3,
          kennysheep_flooded_box, minmay_door_square,
          nicolae_concentric_dashed_squares_mild, uniq_edmund,
          uniq_crazy_yiuf_cottage

Skill      XL: |  1  2  3  4  5  6 |
---------------+-------------------+-----
Axes           | 3 4 6 7 |  7.0
Armour         | 2 |  2.0
Fighting       | |  2.0
Throwing       | |  1.0
Dodging        | |  2.1
Spellcasting   | |  2.0
Translocations | |  2.4

Action                   |  1- 3 |  4- 6 || total
-------------------------+-------+-------++-------
Melee: Hand axe          |    70 |   133 ||   203
       Peck              |     7 |    24 ||    31
       Kick              |    12 |    35 ||    47
       Punch             |     1 |     1 ||     2
Throw: Boomerang         |     7 |       ||     7
  Use: Scroll            |     3 |     5 ||     8
       Potion            |       |     2 ||     2
Armor: Leather armour    |     6 |       ||     6
       Plate armour      |    22 |    86 ||   108
Dodge: Dodged            |    21 |    30 ||    51

Table legend:
 A = Non-vault XP
 B = Vault XP
 C = Vault XP percentage of total XP
 D = Non-vault monster count
 E = Vault monster count
 F = Vault count percentage of total count
                 A         B        C        D         E       F
            +---------+---------+-------+---------+---------+-------
      Total |     449 |       2 |   0.4 |      77 |       1 |   1.3
            +---------+---------+-------+---------+---------+-------
        D:1 |      33 |       0 |   0.0 |      19 |       0 |   0.0
        D:2 |      58 |       2 |   3.3 |      18 |       1 |   5.3
        D:3 |     207 |       0 |   0.0 |      32 |       0 |   0.0
        D:4 |     151 |       0 |   0.0 |       8 |       0 |   0.0
            +---------+---------+-------+---------+---------+-------
